 Dungeon Crawl Stone Soup version 0.31-a0-180-g519b7de00c (webtiles) character file.

Game seed: 1655634434360306520

107 qw the Shooter (level 4, -2/42 HPs)
             Began as a Naga Hunter on June 19, 2023.
             Slain by an adder (3 damage)
             ... on level 3 of the Dungeon.
             The game lasted 00:00:44 (2039 turns).

qw the Shooter (Naga Hunter)                        Turns: 2039, Time: 00:00:45

Health: -2/42      AC:  2    Str: 13    XL:     4   Next: 85%
Magic:  0/4        EV:  9    Int: 10    God:
Gold:   130        SH:  0    Dex: 16    Spells: 3/3 levels left

rFire   . . .        Y - +0 shortbow
rCold   . . .        (shield currently unavailable)
rNeg    . . .        c - +0 leather armour
rPois   +            (no helmet)
rElec   .            (no cloak)
rCorr   .            (no gloves)
SInv    +            (no barding)
Will    .....        b - amulet of guardian spirit
Stlth   ++           (no ring)
HPRegen 0.27/turn    (no ring)
MPRegen 0.09/turn

%: guardian spirit
@: short of breath, very slow
A: AC +1, large, see invisible, deformed body, poison resistance, slowness 2,
spit poison 1, naga tail 1
a: Spit Poison


You were on level 3 of the Dungeon.
You visited 1 branch of the dungeon, and saw 3 of its levels.

You collected 130 gold pieces.


Innate Abilities, Weirdness & Mutations

Your serpentine skin is tough. (AC +1)
You have supernaturally acute eyesight. (SInv)
Armour fits poorly on your strangely shaped body.
Your system is resistant to poisons. (rPois)
You cover ground very slowly.
You can spit poison.
You have a snake-like lower body.


   Skills:
 - Level 3.0 Fighting
 + Level 5.1 Ranged Weapons
 - Level 1.5 Dodging
 - Level 1.5 Stealth


You had 3 spell levels left.
You didn't know any spells.
Your spell library was empty.

Inventory:

Hand Weapons
 Y - a +0 shortbow (weapon)
Armour
 c - a +0 leather armour (worn)
Jewellery
 b - an amulet of guardian spirit (around neck)
Scrolls
 a - a scroll of identify
 g - a scroll of immolation {unknown}
Potions
 d - a potion of resistance {unknown}
 e - a potion of degeneration {unknown}
 f - a potion of brilliance {unknown}

Dungeon Overview and Level Annotations

Branches:
Dungeon (3/15)

Altars:
Elyvilon


Message History

A gnoll comes into view. It is wielding a +0 halberd.
An adder comes into view.
You shoot an arrow. The adder hisses angrily.
The arrow hits the gnoll but does no damage.
You shoot an arrow. The arrow hits the gnoll.
The gnoll is lightly wounded.
You shoot an arrow. The arrow hits the gnoll.
The gnoll is moderately wounded.
You have got your breath back.
The gnoll barely misses you.
2035 ||| INVOKING Spit Poison.
Aiming: Spit Poison (1% risk of failure)
Press: ? - help, Shift-Dir - straight line, f/p - gnoll The splash of poison misses the gnoll.
The gnoll closely misses you.
You shoot an arrow.
The arrow hits the gnoll but does no damage.
The gnoll is moderately wounded.
The gnoll barely misses you. The gnoll hits you but does no damage.
The adder bites you.
You shoot an arrow. The arrow hits the adder.
The adder is heavily wounded.
You have got your breath back.
The adder closely misses you.
The gnoll hits you from afar with a +0 spear.
The gnoll hits you from afar with a +0 halberd!
The adder barely misses you.
The gnoll hits you from afar with a +0 spear.
The gnoll hits you from afar with a +0 halberd!
2038 ||| INVOKING Spit Poison.
Aiming: Spit Poison (1% risk of failure)
Press: ? - help, Shift-Dir - straight line, f/p - adder The splash of poison misses the adder.
The adder completely misses you.
The gnoll hits you from afar with a +0 spear.
The gnoll hits you from afar with a +0 halberd!
You shoot an arrow. The arrow closely misses the adder.
The adder bites you.
You die...

###.###.#..##......#
#............#####
#######.#......#
......#........#
#####.###......# ...##.#
##...### ##.##.# #...#
##.##.# #...#######
..)...####......@S.#
##................g.....
#................g...#.
##....................#
[..#####......####.#)...
...## #.#....... .#.).#
....####.#....### ## ..#
###...##.#....# ..
#.#.##.#....#


You could see 2 gnolls and an adder.

Vanquished Creatures
  2 adders
  A gnoll (D:3)
  A worm (D:2)
  4 dart slugs
  An orc (D:3)
  8 endoplasms
  5 giant cockroaches
  8 hobgoblins
  6 jackals
  8 kobolds
  A quokka (D:1)
  2 ball pythons
  4 bats
  A frilled lizard (D:2)
  3 goblins
  6 rats
61 creatures vanquished.

Notes
Turn   | Place    | Note
-------+----------+-------------------------------------------
     0 | D:1      | qw the Naga Hunter began the quest for the Orb.
     0 | D:1      | Reached XP level 1. HP: 19/19 MP: 1/1
     0 | D:1      | 0 ||| qw: Version: 0.3-a-7-ge0c9b40
     0 | D:1      | 0 ||| qw: Game counter: 950
     0 | D:1      | 0 ||| qw: Always use a shield: true
     0 | D:1      | 0 ||| qw: God list: Okawaru
     0 | D:1      | 0 ||| qw: Allow faded altars: false
     0 | D:1      | 0 ||| qw: Do Orc after D:15 true
     0 | D:1      | 0 ||| qw: Do second Lair branch before Depths: true
     0 | D:1      | 0 ||| qw: Lair rune preference: random
     0 | D:1      | 0 ||| qw: Plans: Normal
     0 | D:1      | 0 ||| PLANNING D:1-11
    58 | D:1      | 58 ||| INVOKING Spit Poison.
    64 | D:1      | 64 ||| INVOKING Spit Poison.
    65 | D:1      | Reached skill level 4 in Ranged Weapons
    65 | D:1      | Reached XP level 2. HP: 26/26 MP: 2/2
    67 | D:1      | 67 ||| INVOKING Spit Poison.
    78 | D:1      | Found a faded altar of an unknown god.
    93 | D:1      | 93 ||| INVOKING Spit Poison.
   168 | D:1      | 168 ||| INVOKING Spit Poison.
   180 | D:1      | 180 ||| INVOKING Spit Poison.
   185 | D:1      | 185 ||| INVOKING Spit Poison.
   238 | D:1      | 238 ||| INVOKING Spit Poison.
   243 | D:1      | 243 ||| INVOKING Spit Poison.
   290 | D:1      | 290 ||| INVOKING Spit Poison.
   358 | D:1      | 358 ||| INVOKING Spit Poison.
   359 | D:1      | Reached XP level 3. HP: 32/32 MP: 3/3
   366 | D:1      | 366 ||| INVOKING Spit Poison.
   380 | D:1      | 380 ||| INVOKING Spit Poison.
   394 | D:1      | 394 ||| INVOKING Spit Poison.
   399 | D:1      | 399 ||| INVOKING Spit Poison.
   452 | D:1      | 452 ||| INVOKING Spit Poison.
   475 | D:1      | 475 ||| INVOKING Spit Poison.
   551 | D:1      | 551 ||| INVOKING Spit Poison.
   757 | D:1      | 757 ||| INVOKING Spit Poison.
   937 | D:1      | 937 ||| READING scroll labelled XOMPACS ENOPA.
   940 | D:1      | 940 ||| DROPPING scroll of butterflies.
   982 | D:2      | 982 ||| INVOKING Spit Poison.
   985 | D:2      | 985 ||| INVOKING Spit Poison.
   988 | D:2      | 988 ||| INVOKING Spit Poison.
  1071 | D:2      | 1071 ||| INVOKING Spit Poison.
  1083 | D:2      | 1083 ||| INVOKING Spit Poison.
  1086 | D:2      | 1086 ||| INVOKING Spit Poison.
  1091 | D:2      | 1091 ||| INVOKING Spit Poison.
  1170 | D:2      | 1170 ||| INVOKING Spit Poison.
  1175 | D:2      | 1175 ||| INVOKING Spit Poison.
  1177 | D:2      | Reached skill level 5 in Ranged Weapons
  1214 | D:2      | 1214 ||| INVOKING Spit Poison.
  1215 | D:2      | Reached XP level 4. HP: 39/39 MP: 4/4
  1223 | D:2      | 1223 ||| INVOKING Spit Poison.
  1243 | D:2      | 1243 ||| INVOKING Spit Poison.
  1430 | D:2      | 1430 ||| INVOKING Spit Poison.
  1431 | D:2      | 1431 ||| INVOKING Spit Poison.
  1442 | D:2      | 1442 ||| INVOKING Spit Poison.
  1579 | D:2      | 1579 ||| UPGRADING to amulet of guardian spirit.
  1584 | D:2      | 1584 ||| READING scroll labelled REOTALIDDE.
  1585 | D:2      | 1585 ||| READING scroll labelled JESIOR JIVETU.
  1586 | D:2      | 1586 ||| READING scroll labelled KANAMU XOMEP.
  1630 | D:3      | 1630 ||| INVOKING Spit Poison.
  1634 | D:3      | 1634 ||| INVOKING Spit Poison.
  1638 | D:3      | 1638 ||| STAIRDANCE
  1640 | D:2      | 1640 ||| INVOKING Spit Poison.
  1643 | D:2      | 1643 ||| INVOKING Spit Poison.
  1663 | D:3      | 1663 ||| INVOKING Spit Poison.
  1754 | D:3      | 1754 ||| INVOKING Spit Poison.
  1799 | D:3      | Found a white marble altar of Elyvilon.
  1856 | D:3      | 1856 ||| INVOKING Spit Poison.
  1878 | D:3      | 1878 ||| INVOKING Spit Poison.
  1882 | D:3      | 1882 ||| INVOKING Spit Poison.
  1885 | D:3      | 1885 ||| INVOKING Spit Poison.
  2028 | D:3      | 2028 ||| INVOKING Spit Poison.
  2029 | D:3      | Reached skill level 3 in Fighting
  2031 | D:3      | 2031 ||| INVOKING Spit Poison.
  2035 | D:3      | 2035 ||| INVOKING Spit Poison.
  2038 | D:3      | 2038 ||| INVOKING Spit Poison.
  2038 | D:3      | HP: 1/42 [gnoll/+0 halberd (10)]
  2039 | D:3      | Slain by an adder

Levels and vault maps discovered:
D:1:      nicolae_arrival_memento_mori, layout_basic,
          ebering_ecumenical_altar_petrified, serial_bayou_lake_a
D:2:      layout_loops_cross, minmay_pentomino_v4
D:3:      layout_loops_cross, lemuel_tele_altar, zin_treasury

Skill      XL: |  1  2  3  4 |
---------------+-------------+-----
Ranged Weapons | 4 5 |  5.1
Fighting       | 3 |  3.0
Dodging        | |  1.5
Stealth        | |  1.5

Action                     |  1- 3 |  4- 6 || total
---------------------------+-------+-------++-------
   Fire: Shortbow          |    68 |    40 ||   108
Ability: Spit Poison       |    29 |    18 ||    47
    Use: Scroll            |     1 |     3 ||     4
 Armour: Leather armour    |     5 |     3 ||     8
  Dodge: Dodged            |    12 |    14 ||    26

Table legend:
 A = Non-vault XP
 B = Vault XP
 C = Vault XP percentage of total XP
 D = Non-vault monster count
 E = Vault monster count
 F = Vault count percentage of total count
                 A         B        C        D         E       F
            +---------+---------+-------+---------+---------+-------
      Total |     150 |       3 |   2.0 |      59 |       2 |   3.3
            +---------+---------+-------+---------+---------+-------
        D:1 |      56 |       0 |   0.0 |      30 |       0 |   0.0
        D:2 |      49 |       3 |   5.8 |      19 |       2 |   9.5
        D:3 |      45 |       0 |   0.0 |      10 |       0 |   0.0
            +---------+---------+-------+---------+---------+-------
